 Dungeon Crawl Stone Soup version 0.18.1-48-g4cf74bf (webtiles) character file.

56 PossumBlood the Chopper (level 4, -3/35 HPs)
             Began as a Formicid Fighter on Aug 17, 2016.
             Slain by a goblin
             ... wielding a cursed -1 dagger
             ... led by Robin
              (7 damage)
             ... on level 2 of the Dungeon.
             The game lasted 00:02:19 (970 turns).

PossumBlood the Chopper (Formicid Fighter)           Turns: 970, Time: 00:02:20

Health: -3/35      AC:  6    Str: 27    XL:     4   Next: 17%
Magic:  4/4        EV:  8    Int:  7    God:
Gold:   84         SH: 10    Dex: 10    Spells: 0 memorised, 3 levels left

rFire  . . .     SeeInvis +     a - +0 war axe
rCold  . . .     Gourm    .     b - +0 scale mail
rNeg   . . .     Faith    .     c - +0 shield
rPois  .         Spirit   .     (helmet unavailable)
rElec  .         Dismiss  .     (no cloak)
rCorr  .         Reflect  .     (no gloves)
SustAt .         Harm     .     (no boots)
MR     .....                    (no amulet)
Stlth  +.........               (no ring)
                                l - ring of stealth

@: mighty, not resistant to hostile enchantments, very unstealthy
A: permanent stasis, dig shafts and tunnels, four strong arms, antennae 3, sense
surroundings 1
a: Dig, Shaft Self


You were on level 2 of the Dungeon.
You were hungry.

You visited 1 branch of the dungeon, and saw 2 of its levels.

You collected 84 gold pieces.

Inventory:

Hand Weapons
 a - a +0 war axe (weapon)
Armour
 b - a +0 scale mail (worn)
 c - a +0 shield (worn)
Jewellery
 l - a ring of stealth (left hand)
Scrolls
 e - 2 scrolls of teleportation {unknown}
 g - a scroll of magic mapping {unknown}
 j - a scroll of random uselessness {unknown}
 k - a scroll of identify {unknown}
Comestibles
 f - a bread ration
 h - a beef jerky


   Skills:
 - Level 3.2 Fighting
 * Level 4.1 Axes
 - Level 3.2 Armour
 - Level 3.6 Shields


You had 3 spell levels left.
You didn't know any spells.

Dungeon Overview and Level Annotations

Branches:
Dungeon (2/15)

Altars:

Annotations:
D:2 Robin


Innate Abilities, Weirdness & Mutations

You are under a permanent stasis effect.
You can dig through walls and to a lower floor.
Your four strong arms can wield two-handed weapons with a shield.
You have a pair of large antennae on your head (SInv).
You passively map a small area around you.


Message History

You block the goblin's attack. x2
You slash the goblin!
You kill the goblin!
You barely miss the goblin. You block Robin's attack.
You block the goblin's attack.
The hobgoblin hits you but does no damage.
Drink which item? (? for menu, Esc to quit)
It was a potion of beneficial mutation.
You feel a strange attunement to the structure of the dungeons.
You feel fantastic! Robin hits you but does no damage.
The goblin hits you but does no damage.
You closely miss the hobgoblin. You barely miss the goblin.
The hobgoblin hits you with a club.
* * * LOW HITPOINT WARNING * * *
The goblin hits you but does no damage. Robin closely misses you.
You block the hobgoblin's attack.
Are you sure you want to shaft yourself?
You are feeling hungry.
The goblin hits you with a dagger!
You die...

..............#### ,
*#................. ,
#.##...##.....#### ,
* ###.##...##.....##
...................
.###.##...##...#.###.
...................
###.##g).##...#.###
#, #@#...(...... , ,
* ###.##g####...#.###
, .......gg......#.#
* .###......##...# .
, ..........# # *,
###.#.......g.g..
#.##.##.#.#.### #
#.##.#... , #.##..
...


You could see Robin, 2 hobgoblins and a goblin.

Vanquished Creatures
  2 adders (D:2)
  3 dart slugs
  A giant gecko (D:1)
  A ball python (D:1)
  2 bats (D:1)
  A giant cockroach (D:1)
  8 goblins
  4 hobgoblins
  3 jackals (D:1)
  A giant newt (D:1)
  A kobold (D:2)
  2 rats
29 creatures vanquished.

Notes
Turn   | Place    | Note
--------------------------------------------------------------
     0 | D:1      | PossumBlood the Formicid Fighter began the quest for the Orb.
     0 | D:1      | Reached XP level 1. HP: 18/18 MP: 1/1
    38 | D:1      | Reached XP level 2. HP: 23/24 MP: 2/2
   198 | D:1      | Reached skill level 3 in Axes
   485 | D:1      | Reached XP level 3. HP: 29/29 MP: 3/3
   942 | D:2      | Noticed Robin
   966 | D:2      | Reached skill level 4 in Axes
   966 | D:2      | Reached XP level 4. HP: 11/35 MP: 4/4
   968 | D:2      | Gained mutation: You passively map a small area around you. [potion of beneficial mutation]
   970 | D:2      | Slain by a goblin

Skill      XL: |  1  2  3 |
---------------+----------+-----
Axes           | 3 4 |  4.1
Fighting       | |  3.2
Armour         | |  3.2
Shields        | |  3.6

Action                   |  1- 3 |  4- 6 || total
-------------------------+-------+-------++-------
Melee: War axe           |    68 |     2 ||    70
 Abil: Shaft Self        |       |     1 ||     1
  Use: Potion            |     1 |     1 ||     2
Armor: Scale mail        |    42 |     3 ||    45
Dodge: Dodged            |    28 |     1 ||    29
Block: Shield            |    37 |     5 ||    42
